Map: 16-Bit LE

Players

PartinG - Winner!

  • Race: Protoss Protoss
  • League: Master
  • Spawn Location: 7:00

GOStephano (Stephano)

  • Race: Zerg Zerg
  • League: Master
  • Spawn Location: 1:00

Event: HomeStory Cup XVII

VOD

Have the link to the VOD?

Description

Time

  • Played on: June 30, 2018, 12:04 p.m.
  • Length: 12:39

All games in this series

Show
View Real Time Build Order
Export as new Build Order

PartinG Protoss - Winner!

Build Orders:  

Get SALT Encoding   

  12  0:00  Probe  
  13  0:12  Probe  
  14  0:20  Pylon  
  14  0:25  Probe  
  15  0:36  Pylon  
  15  0:39  Probe  
  16  0:55  Gateway  
  16  0:59  Gateway  
  16  1:09  Gateway  
  16  1:13  Probe  
  17  1:25  Probe  
  18  1:33  Zealot  
  18  1:37  Zealot  
  18  1:39  Assimilator  
  22  1:55  Cybernetics Core  
  22  1:58  Zealot  
  22  1:59  Zealot x2  
  28  2:19  Probe  
  28  2:20  Pylon  
  29  2:31  Probe  
  30  2:38  Adept  
  30  2:43  Probe  
  33  2:45  Shield Battery  
  33  2:58  Adept, Probe  
  35  3:00  Adept  
  38  3:20  Probe  
  38  3:24  Warp Gate  
  39  3:30  Nexus  
  39  3:41  Pylon  
  39  3:53  Pylon  
  39  3:59  Assimilator, Probe  
  40  4:06  Gateway  
  40  4:11  Probe  
  40  4:16  Robotics Facility  
  41  4:23  Probe  
  42  4:35  Probe  
  43  4:40  Probe  
  43  4:43  Probe  
  40  4:48  Probe  
  40  4:51  Probe  
  42  4:57  Gateway, Probe  
  43  5:00  Gateway  
  43  5:03  Observer  
  43  5:04  Probe  
  43  5:05  Probe  
  46  5:14  Probe  
  47  5:19  Warp Prism  
  49  5:21  Probe  
  49  5:24  Probe  
  52  5:30  Stalker  
  52  5:33  Probe  
  55  5:36  Probe  
  55  5:38  Pylon  
  56  5:45  Probe  
  56  5:48  Probe  
  58  5:50  Pylon  
  58  5:52  Gateway  
  58  5:54  Sentry x2  
  62  5:57  Sentry  
  64  6:06  Gateway x2  
  64  6:13  Gateway  
  64  6:17  Assimilator  
  64  6:30  Sentry x3  
  70  6:33  Probe  
  70  6:34  Pylon  
  71  6:42  Pylon  
  71  6:46  Sentry  
  73  6:48  Probe x2  
  73  6:53  Stalker  
  77  6:54  Zealot x2  
  77  7:00  Probe  
  77  7:01  Assimilator, Probe  
  83  7:10  Zealot x3  
  83  7:15  Zealot x2  
  79  7:16  Zealot x2  
  69  7:25  Probe  
  66  7:34  Sentry x3  
  66  7:36  Nexus  
  72  7:39  Pylon  
  72  7:42  Zealot x2  
  76  7:50  Zealot x2  
  80  7:58  Zealot x3  
  85  8:01  Zealot x3  
  68  8:13  Probe x2  
  68  8:19  Blink  
  66  8:20  Twilight Council  
  66  8:22  Forge, Observer  
  66  8:24  Sentry x3  
  66  8:26  Probe  
  66  8:27  Probe  
  75  8:28  Protoss Ground Weapons Level 1  
  75  8:35  Pylon  
  75  8:44  Probe x2  
  75  8:45  Probe  
  78  8:52  Probe x2  
  78  8:53  Probe  
  78  8:59  Photon Cannon, Pylon  
  78  9:02  Probe x3  
  81  9:03  Sentry  
  86  9:15  Pylon  
  86  9:16  Probe x3  
  89  9:22  Stalker  
  89  9:23  Stalker x2  
  95  9:25  Stalker  
  95  9:30  Stalker  
  99  9:35  Probe x2  
  99  9:36  Probe  
  99  9:37  Assimilator  
  102  9:39  Assimilator  
  102  9:40  Stalker  
  102  9:43  Shield Battery  
  104  9:46  Stalker  
  104  9:50  Observer  
  106  9:55  Stalker x2  
  106  9:57  Photon Cannon  
  110  10:02  Protoss Ground Weapons Level 2  
  110  10:06  Stalker x2  
  110  10:07  Stalker  
  116  10:10  Stalker  
  118  10:14  Sentry  
  118  10:16  Photon Cannon  
  118  10:18  Pylon  
  120  10:31  Stalker x3  
  126  10:36  Stalker  
  126  10:42  Stalker x2  
  132  10:54  Observer  
  132  10:59  Nexus  
  132  11:03  Pylon  
  132  11:06  Sentry, Stalker x3  
  132  11:10  Pylon  
  132  11:11  Pylon  
  140  11:21  Photon Cannon  
  140  11:23  Stalker x3  
  144  11:37  Sentry x2  
  144  11:38  Sentry x2  
  144  11:50  Stalker x2  
  144  11:51  Stalker, Observer  
  132  12:03  Stalker x4  
  126  12:13  Stalker x3  
  126  12:25  Stalker x2  
  120  12:32  Stalker x3  
  120  12:38  Stalker x2  
Show
View Real Time Build Order
Export as new Build Order

GOStephano Zerg 

Build Orders: Hatch First 

Get SALT Encoding   

  12  0:00  Drone  
  13  0:12  Overlord  
  13  0:17  Drone  
  14  0:31  Drone x2  
  16  0:50  Hatchery  
  16  0:53  Drone  
  16  0:56  Drone  
  17  1:00  Drone  
  18  1:10  Extractor  
  17  1:16  Spawning Pool  
  16  1:20  Drone  
  16  1:22  Drone  
  18  1:31  Drone  
  19  1:40  Drone  
  20  1:52  Drone  
  21  2:01  Overlord  
  21  2:02  Queen  
  21  2:03  Zergling x2  
  26  2:12  Drone  
  26  2:13  Drone  
  28  2:15  Metabolic Boost  
  28  2:24  Spine Crawler  
  28  2:28  Spine Crawler  
  26  2:35  Spine Crawler  
  25  2:38  Zergling x4  
  25  2:43  Queen  
  27  2:44  Zergling x2  
  27  2:47  Zergling x2  
  29  2:55  Zergling x2  
  29  2:57  Overlord  
  30  3:17  Zergling x4  
  31  3:20  Hatchery  
  31  3:27  Queen  
  29  3:33  Evolution Chamber  
  30  3:37  Zergling x4  
  32  3:55  Zergling x2  
  33  4:04  Zergling x2, Zerg Melee Weapons Level 1  
  33  4:08  Hatchery  
  33  4:16  Drone  
  34  4:21  Drone  
  35  4:24  Drone x3  
  37  4:41  Drone  
  36  4:48  Drone  
  37  5:04  Drone  
  38  5:10  Hatchery  
  38  5:11  Overlord  
  37  5:16  Overlord  
  37  5:22  Drone x4  
  41  5:30  Drone x2  
  41  5:35  Queen  
  43  5:39  Lair  
  45  5:52  Zergling x6  
  48  6:02  Zergling x2  
  48  6:03  Zergling x6  
  52  6:06  Overlord  
  52  6:12  Overlord  
  52  6:13  Overlord  
  52  6:16  Overlord  
  52  6:20  Overlord  
  52  6:21  Queen  
  52  6:23  Zergling x4  
  56  6:31  Zergling x6  
  58  6:36  Zergling x8  
  62  6:41  Baneling Nest  
  62  6:45  Zergling x6  
  64  6:49  Zergling x4  
  64  6:53  Zergling x4  
  66  6:58  Zergling x2  
  66  6:59  Zergling x2  
  68  7:02  Zergling x2  
  68  7:03  Zergling x2  
  69  7:12  Zergling x6  
  62  7:16  Zergling x8  
  62  7:19  Zergling x4  
  57  7:24  Zergling x2  
  57  7:29  Zergling x6  
  56  7:34  Drone x3  
  59  7:40  Zerg Melee Weapons Level 2  
  59  7:42  Drone x3  
  62  7:46  Zergling x2  
  62  7:47  Zergling x2  
  62  7:50  Baneling x5  
  64  7:51  Overseer  
  64  7:56  Zergling x6  
  67  8:02  Zergling x6  
  66  8:12  Zergling x12  
  64  8:23  Drone x5  
  69  8:32  Drone x2  
  68  8:44  Drone x5, Hatchery  
  68  8:45  Drone  
  68  8:47  Extractor  
  71  8:49  Hydralisk Den  
  71  8:55  Extractor  
  69  8:56  Extractor x2  
  69  8:58  Extractor  
  69  9:02  Drone x3  
  69  9:06  Drone x8  
  77  9:15  Drone x2  
  79  9:18  Muscular Augments  
  79  9:22  Drone x2  
  81  9:38  Drone  
  81  9:41  Overlord  
  81  9:42  Overlord x3  
  81  9:56  Hydralisk x3  
  81  9:58  Overlord, Infestation Pit  
  86  10:00  Zerg Missile Weapons Level 1  
  86  10:02  Hydralisk x6  
  98  10:07  Drone x4  
  98  10:08  Drone  
  98  10:12  Drone x2  
  105  10:15  Hydralisk  
  105  10:17  Centrifical Hooks  
  105  10:20  Hydralisk  
  110  10:24  Baneling x2  
  110  10:25  Baneling x6  
  110  10:26  Zergling x2  
  110  10:27  Zergling x2  
  112  10:32  Baneling x4  
  112  10:33  Zergling x6  
  112  10:35  Zergling x2  
  116  10:37  Zergling x4  
  118  10:42  Baneling  
  118  10:43  Baneling x6  
  118  10:48  Zergling x10  
  122  10:50  Zergling x6  
  122  10:54  Zergling x6  
  121  10:57  Overlord  
  121  11:01  Overlord  
  121  11:04  Overlord  
  121  11:09  Overlord  
  121  11:14  Overlord  
  120  11:19  Hydralisk x4  
  120  11:21  Zergling x2  
  120  11:23  Zergling x4  
  131  11:30  Zergling x2  
  131  11:31  Zergling x8  
  127  11:35  Zergling x8  
  131  11:40  Baneling x7  
  119  11:47  Zergling x4  
  119  11:48  Zergling x8  
  119  11:52  Zergling x2  
  112  11:57  Zergling x2  
  112  11:58  Zergling x8  
  104  12:03  Hydralisk x2  
  104  12:07  Zergling x8  
  101  12:10  Zergling x4  
  101  12:12  Baneling x3  
  101  12:13  Baneling  
Tags
 
Add a new tag
Caveats
  • Supply blocks, unpowered buildings, or Contaminate may cause inaccurate times.
  • Supply counts are checked every 10 seconds.